 Dungeon Crawl Stone Soup version 0.30-a0-166-g5d06c95188 (webtiles) character file.

Game seed: 9932954051268873033

869679 Decritt the Conqueror (level 27, -4/273 HPs)
             Began as a Minotaur Fighter on Sept 27, 2022.
             Was the Champion of the Shining One.
             Engulfed by an ushabti's foul pestilence (10 damage)
             ... on level 3 of the Tomb of the Ancients on Sept 29, 2022.
             The game lasted 08:45:46 (105983 turns).

Decritt the Conqueror (Minotaur Fighter)          Turns: 105983, Time: 08:45:46

Health: -4/273     AC: 44    Str: 37      XL:     27
Magic:  0/34       EV: 32    Int:  3 (11) God:    the Shining One [******]
Gold:   2235       SH: 29    Dex: 26 (28) Spells: 26/26 levels left

rFire   + . .      SeeInvis +    i - +8 war axe of Eternal Vigilance {flame, Str+6 Dex+5 SInv}
rCold   + + +      Faith    .    y - +1 tower shield
rNeg    + + +      Spirit   +    O - +10 plate armour "Duwnyemm" {Will++ Int-4 Dex+2}
rPois   +          Reflect  .    z - +0 hat "Wuwosis" {rPois}
rElec   +          Harm     .    H - +2 cloak {Will+}
rCorr   .          Rampage  +    n - +2 pair of gloves {Dex+3}
Will    +++++                    K - +2 pair of boots {rampage}
Stlth   ..........               L - amulet of guardian spirit
HPRegen 0.55/turn                N - ring of Ciguaboa {rElec rF+ rC+ Int+6}
MPRegen 0.24/turn                G - ring "Tutig" {Contam +Blink rC++ Int+4 Dex+6}

@: lethally poisoned (-4 -> -19), marked, slowed, glowing, studying 2 skills,
very slow
A: horns 2, retaliatory headbutt, clumsy 1, low MP 1
}: 6/15 runes: decaying, slimy, silver, obsidian, abyssal, gossamer
a: Renounce Religion, Evoke Blink, Divine Shield, Cleansing Flame, Summon Divine
Warrior


You were on level 3 of the Tomb of the Ancients.
You worshipped the Shining One.
The Shining One was exalted by your worship.
You visited 18 branches of the dungeon, and saw 80 of its levels.
You visited the Abyss 2 times.
You also visited: Ossuary and Desolation.

You collected 10134 gold pieces.
You spent 6753 gold pieces at shops.
You donated 1146 gold pieces to Zin.

Inventory:

Hand Weapons
 i - the +8 war axe of Eternal Vigilance (weapon) {flame, Str+6 Dex+5 SInv}
   (You found it on level 4 of the Vaults)

   It burns those it strikes, dealing additional fire damage.
   Big, fiery blades are also staple armaments of hydra-hunters.
   Str:       It affects your strength (+6).
   Dex:       It affects your dexterity (+5).
   SInv:      It lets you see invisible.
 o - the +8 mithril axe "Arga" {speed, Will+}
   (You took it off a servant of whispers in the Desolation of Salt)

   Attacks with this weapon are significantly faster.
   Will:      It increases your willpower.
 A - the +8 spear of Foolhardiness {speed, rF+++ rC++ Will- Str+2}
   (You took it off a necromancer on level 5 of the Vaults)

   Attacks with this weapon are significantly faster.
   Str:       It affects your strength (+2).
   rF:        It renders you almost immune to fire.
   rC:        It greatly protects you from cold.
   Will:      It decreases your willpower.
Missiles
 c - 12 boomerangs (quivered)
 V - 11 silver boomerangs
Armour
 a - the +18 shield of the Gong {rElec rN+ Will+ EV-5}
   (You bought it in a shop on level 5 of the Vaults)

   It is deafeningly noisy when blocking attacks.
   EV:        It affects your evasion (-5).
   rElec:     It insulates you from electricity.
   rN:        It protects you from negative energy.
   Will:      It increases your willpower.
 h - +8 gold dragon scales
 n - a +2 pair of gloves of dexterity (worn)
 x - a scarf of resistance
 y - a +1 tower shield (worn)
 z - the +0 hat "Wuwosis" (worn) {rPois}
   (You found it on level 4 of the Vaults)

   rPois:     It protects you from poison.
 H - a +2 cloak of willpower (worn)
 K - a +2 pair of boots of rampaging (worn)
 O - the +10 plate armour "Duwnyemm" (worn) {Will++ Int-4 Dex+2}
   (You found it on level 5 of the Pits of Slime)

   Int:       It affects your intelligence (-4).
   Dex:       It affects your dexterity (+2).
   Will:      It greatly increases your willpower.
Jewellery
 u - an amulet of regeneration
 E - the ring "Jefena" {rF+ rN+ Will++ rCorr Dex-4}
   (You took it off an orc warrior on level 5 of the Vaults)

   [ring of positive energy]

   Dex:       It affects your dexterity (-4).
   rF:        It protects you from fire.
   rN:        It protects you from negative energy.
   rCorr:     It protects you from acid and corrosion.
   Will:      It greatly increases your willpower.
 G - the ring "Tutig" (right hand) {Contam +Blink rC++ Int+4 Dex+6}
   (You found it on level 5 of the Pits of Slime)

   [ring of dexterity]

   Int:       It affects your intelligence (+4).
   Dex:       It affects your dexterity (+6).
   rC:        It greatly protects you from cold.
   +Blink:    It lets you blink.
   Contam:    It causes magical contamination when unequipped.
 L - an amulet of guardian spirit (around neck)
 N - the ring of Ciguaboa (left hand) {rElec rF+ rC+ Int+6}
   (You bought it in a shop on level 4 of the Dungeon)

   [ring of intelligence]

   Int:       It affects your intelligence (+6).
   rF:        It protects you from fire.
   rC:        It protects you from cold.
   rElec:     It insulates you from electricity.
 R - the ring of Huexont {rCorr Slay+6 SInv}
   (You took it off a deep elf elementalist on level 3 of the Elven Halls)

   [ring of see invisible]

   Slay:      It affects your accuracy & damage with ranged weapons and melee
   (+6).
   SInv:      It lets you see invisible.
   rCorr:     It protects you from acid and corrosion.
 Y - the ring of Qinayrgh {Fly rElec Will+ rCorr Int+2}
   (You found it on level 3 of the Elven Halls)

   [ring of resist corrosion]

   Int:       It affects your intelligence (+2).
   rElec:     It insulates you from electricity.
   Fly:       It grants you flight.
   rCorr:     It protects you from acid and corrosion.
   Will:      It increases your willpower.
Wands
 b - a wand of digging (13)
Scrolls
 e - 7 scrolls of butterflies
 f - 28 scrolls of teleportation
 g - a scroll of acquirement
 j - 7 scrolls of immolation
 l - 17 scrolls of poison
 v - 10 scrolls of fear
 S - 4 scrolls of magic mapping
 X - 3 scrolls of silence
Potions
 d - 4 potions of might
 s - 7 potions of flight
 t - 14 potions of attraction
 B - 2 potions of resistance
 C - 10 potions of mutation
 D - 7 potions of haste
 F - 3 potions of berserk rage
 P - 5 potions of ambrosia
 Q - 8 potions of magic
 W - 3 potions of cancellation


   Skills:
 O Level 27 Fighting
 O Level 27 Axes
 - Level 1.8(18.1) Maces & Flails
 * Level 20.6(26.3) Polearms
 + Level 11.4 Throwing
 O Level 27 Armour
 O Level 27 Dodging
 O Level 27 Shields
 + Level 24.9 Invocations
 - Level 6.0 Evocations


You had 26 spell levels left.
You didn't know any spells.
Your spell library contained the following spells:

 Spells                   Type           Power      Damage    Failure   Level
 Apportation              Tloc           0%         N/A       80%         1
 Foxfire                  Conj/Fire      0%         2x1d4     80%         1
 Freeze                   Ice            0%         1d3       80%         1
 Kiss of Death            Conj/Necr      0%         2d5       80%         1
 Magic Dart               Conj           0%         1d3       80%         1
 Necrotise                Necr           0%         1d4       80%         1
 Sandblast                Erth           0%         2d4       80%         1
 Shock                    Conj/Air       0%         1d3       80%         1
 Slow                     Hex            0%         N/A       80%         1
 Sting                    Tmut/Pois      0%         1d3       80%         1
 Summon Small Mammal      Summ           0%         N/A       80%         1
 Blink                    Tloc           0%         N/A       91%         2
 Cigotuvi's Dreadful Rot  Necr/Pois/Air  0%         N/A       91%         2
 Ensorcelled Hibernation  Hex/Ice        0%         N/A       91%         2
 Momentum Strike          Conj/Tloc      0%         3d8       91%         2
 Passwall                 Tmut/Erth      0%         N/A       91%         2
 Poisonous Vapours        Pois/Air       0%         N/A       91%         2
 Scorch                   Fire           0%         2d5       91%         2
 Static Discharge         Conj/Air       0%         2-2/arc   91%         2
 Sublimation of Blood     Necr           0%         N/A       91%         2
 Call Canine Familiar     Summ           0%         N/A       99%         3
 Confusing Touch          Hex            0%         N/A       99%         3
 Gell's Gravitas          Tloc           0%         N/A       99%         3
 Lesser Beckoning         Tloc           0%         N/A       99%         3
 Ozocubu's Armour         Ice            0%         N/A       99%         3
 Portal Projectile        Hex/Tloc       0%         N/A       99%         3
 Spider Form              Tmut/Pois      0%         N/A       99%         3
 Stone Arrow              Conj/Erth      0%         3d7       99%         3
 Summon Guardian Golem    Hex/Summ       0%         N/A       99%         3
 Swiftness                Air            0%         N/A       99%         3
 Teleport Other           Tloc           0%         N/A       99%         3
 Tukima's Dance           Hex            0%         N/A       99%         3
 Vampiric Draining        Necr           0%         2d6       99%         3
 Airstrike                Air            0%         2d(0-16)  100%        4
 Animate Armour           Summ/Erth      0%         N/A       100%        4
 Dispel Undead            Necr           0%         3d6       100%        4
 Flame Wave               Conj/Fire      0%         2d4       100%        4
 Leda's Liquefaction      Hex/Erth       0%         N/A       100%        4
 Manifold Assault         Tloc           0%         N/A       100%        4
 Olgreb's Toxic Radiance  Pois           0%         N/A       100%        4
 Passage of Golubria      Tloc           0%         N/A       100%        4
 Petrify                  Tmut/Erth      0%         N/A       100%        4
 Agony                    Necr           0%         N/A       100%        5
 Alistair's Intoxication  Tmut/Pois      0%         N/A       100%        5
 Arcjolt                  Conj/Air       0%         1d10      100%        5
 Blade Hands              Tmut           0%         N/A       100%        5
 Borgnjor's Vile Clutch   Necr/Erth      0%         N/A       100%        5
 Fireball                 Conj/Fire      0%         3d3       100%        5
 Freezing Cloud           Conj/Ice/Air   0%         6-21      100%        5
 Irradiate                Conj/Tmut      0%         3d11      100%        5
 Iskenderun's Battlesphe  Conj           0%         2d6       100%        5
 Lee's Rapid Deconstruct  Erth           0%         3d5*      100%        5
 Lightning Bolt           Conj/Air       0%         1d11      100%        5
 Metabolic Englaciation   Hex/Ice        0%         N/A       100%        5
 Silence                  Hex/Air        0%         N/A       100%        5
 Summon Forest            Summ/Tloc      0%         N/A       100%        5
 Summon Mana Viper        Hex/Summ       0%         N/A       100%        5
 Conjure Ball Lightning   Conj/Air       0%         3x3d6     100%        6
 Dispersal                Tloc           0%         N/A       100%        6
 Eringya's Noxious Bog    Tmut/Pois      0%         N/A       100%        6
 Iron Shot                Conj/Erth      0%         9d1       100%        6
 Simulacrum               Ice/Necr       0%         N/A       100%        6
 Starburst                Conj/Fire      0%         6d3       100%        6
 Statue Form              Tmut/Erth      0%         N/A       100%        6
 Summon Cactus Giant      Summ           0%         N/A       100%        6
 Dragon Form              Tmut           0%         N/A       100%        7
 Spellforged Servitor     Conj/Summ      0%         N/A       100%        7
 Storm Form               Tmut/Air       0%         N/A       100%        7
 Discord                  Hex            0%         N/A       100%        8
 Disjunction              Tloc           0%         N/A       100%        8
 Ignition                 Fire           0%         3d3       100%        8
 Infestation              Necr           0%         N/A       100%        8
 Maxwell's Capacitive Co  Air            0%         ∞         100%        8
 Necromutation            Tmut/Necr      0%         N/A       100%        8
 Death's Door             Necr           0%         N/A       100%        9
 Polar Vortex             Ice            0%         N/A       100%        9


Dungeon Overview and Level Annotations

Branches:
Dungeon (15/15)            Temple (1/1) D:5            Lair (5/5) D:11
  Swamp (4/4) Lair:2       Spider (4/4) Lair:3        Slime (5/5) Lair:5
    Orc (2/2) D:12            Elf (3/3) Orc:2        Vaults (5/5) D:14
  Crypt (3/3) Vaults:3       Tomb (3/3) Crypt:3      Depths (4/4) D:15
   Hell (visited)             Dis (3/7) Hell            Geh (7/7) Hell
    Coc (3/7) Hell            Tar (7/7) Hell            Zot (5/5) Depths:4
Ossuary (visited)         Desolation (visited)

Altars:
Ashenzari
Cheibriados
Dithmenos
Elyvilon
Fedhas
Gozag
Hepliaklqana
Kikubaaqudgha
Makhleb
Nemelex Xobeh
Okawaru
Qazlal
Ru
Sif Muna
Trog
Uskayaw
Vehumet
Wu Jian
Xom
Yredelemnul
Zin
The Shining One
Jiyva

Shops:
D:4 ?=!**   D:13 *=   D:14 *   Orc:2 :!:*(   Elf:1 [[   Vaults:3 !   Vaults:5 [
Depths:1 *   Depths:4 =:=

Portals:
Hell: Lair:5 Depths:1 Depths:2 Depths:3 Depths:4
Abyss: D:13 Depths:1 Depths:3
Pandemonium: Orc:2 Depths:2 Depths:4
Ziggurat: Depths:1
Bazaar: Vaults:1

Annotations:
Spider:2 2 transporters, exclusion: orange crystal statue


Innate Abilities, Weirdness & Mutations

You have a pair of horns on your head.
You reflexively headbutt those who attack you in melee.
You are clumsy. (Dex -2)
Your magical capacity is low. (-10% MP)


Message History

* * * LOW HITPOINT WARNING * * *
You feel extremely sick.
The death scarab's many legs skitter faintly.
You block the death scarab's attack. The death scarab barely misses you.
You block the death scarab's attack.
The death scarab completely misses you. x2
You furiously retaliate!
You headbutt the death scarab!
A guardian mummy comes into view.
The ushabti shakes and rattles deafeningly!
A mummy comes into view.
The death scarab attacks as you move away!
You block the death scarab's attack.
The death scarab attacks as you move away!
You block the death scarab's attack.
* * * LOW HITPOINT WARNING * * *
You feel very sick. The death scarab closely misses you.
You furiously retaliate!
You headbutt the death scarab. The death scarab completely misses you.
The royal mummy gestures wildly while chanting.
The mummy priest calls down the wrath of its god upon you.
Something smites you!
* * * LOW HITPOINT WARNING * * *
The death scarab misses you. You block the death scarab's attack.
The death scarab misses you.
The ushabti shakes and rattles deafeningly!
A royal mummy comes into view. x2
You block the death scarab's attack.
You feel better. You block the death scarab's attack. x4
The death scarab completely misses you.
The royal mummy points at you and mumbles some strange words.
Something smites you!
* * * LOW HITPOINT WARNING * * *
A mummy priest comes into view.
The ushabti shakes and rattles deafeningly!
The ushabti shakes and rattles.
The vile air hits the mummy.
The vile air hits the emperor scorpion.
The vile air hits you but does no damage.
As you read the scroll of butterflies, it crumbles to dust.
You hear the tinkle of a tiny bell.
You are engulfed in dark miasma.
You are lethally poisoned!
You die...

#........... ...#
...........
...^.####...b.b....
........b....b.b.$.
........b..b.bb.b..
.......b.bbBbbb....
.......bbbBbBbb...#
.......b.BB@bb....#
......b.bsbMBbb..##
......M○MMbbbb...#
......9..M.b....##
....M.9Msb.b..###
....MM.MM###+##
...°.M..##
....MMM## M..MM.#


You could see 5 royal mummies, 2 emperor scorpions, 2 mummy priests, 4 guardian
mummies, 2 ushabtiu, 6 death scarabs and 4 mummies.

Vanquished Creatures
  Asmodeus (Geh:7)
  the Royal Jelly (Slime:5)
  6 dread liches
  8 ancient liches
  7 orbs of fire
  Mennas (Vaults:4)
  21 royal mummies
  Boris (Vaults:5)
  Frederick (Vaults:4)
  Sojobo (Depths:1)
  5 shard shrikes
  Parghit (Zot:3)
  the Lernaean hydra (Swamp:3)
  Xtahua (Vaults:3)
  6 Killer Klowns
  2 curse toes
  Geryon (Hell)
  14 caustic shrikes
  the Enchantress (Depths:2)
  7 golden dragons
  14 profane servitors
  Nikola (Depths:2)
  Arachne (Spider:3)
  11 Tzitzimimeh
  23 bone dragons
  7 Brimstone Fiends
  2 iron giants (Dis:3)
  10 doom hounds
  3 electric golems
  9 hellephants
  5 spectral shard shrikes
  4 Hell Sentinels (Dis:3)
  Jorgrun (D:14)
  Rupert (Orc:1)
  14 searing wretches
  17 tentacled monstrosities
  10 tainted leviathans
  10 liches
  An Ice Fiend (Coc:2)
  25 Orb Guardians
  6 quicksilver dragons
  10 titans
  3 deep elf blademasters
  29 acid blobs
  An Executioner (Zot:5)
  3 tentacled starspawn
  11 sphinxes
  Agnes (Spider:3)
  A thorn hunter (Swamp:4)
  14 storm dragons
  2 death cobs (Zot:4)
  30 ancient champions
  The ghost of dziebel133 the Devastator, a journeyman DrCj of Vehumet (Spider:1)
  6 shadow dragons
  14 tengu reavers
  A revenant (Crypt:2)
  Roxanne (D:15)
  2 draconian monks (Zot:1)
  5 narguns
  18 azure jellies
  2 daevas (Abyss:3)
  4 draconian knights
  28 vault wardens
  24 fire giants
  The ghost of choppaz the Warrior, a journeyman MiBe of Trog (D:13)
  9 frost giants
  17 rockslimes
  7 deep elf sorcerers
  9 draconian scorchers
  2 iron dragons
  5 emperor scorpions
  7 quicksilver elementals (Dis:3)
  4 spectral juggernauts
  A cacodemon (Hell)
  21 balrugs
  2 curse skulls
  2 imperial myrmidons (Desolation)
  7 spectral caustic shrikes
  17 ironbound preservers
  10 ghost moths
  2 shard shrike simulacra
  4 draconian shifters
  2 juggernaut zombies
  9 ghouls
  An orc warlord (Vaults:1)
  5 draconian stormcallers
  7 reapers
  7 deep elf elementalists
  2 caustic shrike skeletons
  4 draconian annihilators
  11 quicksilver oozes
  8 spriggan defenders
  13 war gargoyles
  10 vampire knights
  21 stone giants
  A broodmother (Spider:1)
  11 bennus
  4 eleionomae
  12 green draconians
  25 very ugly things
  5 ironbound thunderhulks
  10 deep elf demonologists
  13 black draconians
  16 putrid mouths
  5 elemental wellsprings
  8 starcursed masses
  3 halazid warlocks (Desolation)
  3 purple draconians
  9 dire elephants
  11 red draconians
  4 deep elf annihilators
  13 bunyips
  3 spectral titans
  21 yellow draconians
  7 eidola
  11 spark wasps
  9 white draconians
  Snorg (D:13)
  A green death (Abyss:3)
  An acid blob zombie (Crypt:2)
  13 ettins
  An ettin (shapeshifter) (Vaults:4)
  4 deep elf death magi
  2 blizzard demons (Hell)
  A crystal guardian (Desolation)
  2 spectral quicksilver dragons
  15 iron golems (Dis:3)
  A shambling mangrove (Swamp:1)
  4 spectral spriggans
  16 great orbs of eyes
  2 spectral iron giants
  A spectral golden dragon (Tar:1)
  A great orb of eyes (shapeshifter) (D:13)
  19 mummy priests
  7 deep elf high priests
  2 ragged hierophants (Desolation)
  11 yaktaur captains
  Josephine (D:13)
  7 fire dragons
  5 jiangshi
  6 entropy weavers
  19 salamander tyrants
  6 servants of whispers (Desolation)
  32 vault guards
  4 ogre magi
  19 hydras
  A demonspawn (Orc:2)
  8 peacekeepers
  A ghost crab (Swamp:1)
  6 ice dragons
  4 rakshasas
  2 catoblepae (Depths:1)
  2 juggernaut simulacra
  2 spriggan skeletons
  2 caustic shrike simulacra
  5 stokers
  A hell beast (Lair:5)
  9 alligators
  9 spriggan air magi
  10 ironbound frosthearts
  An anaconda (Lair:4)
  21 centaur warriors
  27 dancing weapons
  2 jorogumos
  13 two-headed ogres
  4 radroaches
  7 death scarabs
  11 boulder beetles
  12 deep troll earth magi
  8 tengu warriors
  44 hell hogs
  7 death yaks
  8 orc high priests
  3 spectral dire elephants
  4 spriggan berserkers
  8 vampire magi
  14 hell knights
  3 thrashing horrors
  10 spriggans
  14 sun demons
  3 crystal echidnas (Dis:3)
  5 soul eaters
  6 wretched stars
  16 deep elf knights
  10 shadow wraiths
  Nergalle (Lair:2)
  8 pharaoh ants
  A spatial maelstrom (Abyss:4)
  A fire crab (Lair:4)
  A sixfirhy (Depths:4)
  A sun moth (Spider:3)
  A storm dragon skeleton (Depths:1)
  22 skeletal warriors
  10 iron trolls
  9 flayed ghosts
  2 spectral bunyips (Tar:1)
  A deep troll (shapeshifter) (Depths:4)
  51 deep trolls
  14 wizards
  2 quicksilver dragon simulacra
  2 shadow demons (Depths:4)
  13 orb spiders
  2 death drakes (Swamp:3)
  8 steelbarb worms
  6 spriggan druids
  A spectral anaconda (Tar:4)
  A spriggan simulacrum (Coc:2)
  An orb spider (shapeshifter) (D:15)
  10 swamp dragons
  5 goliath frogs
  12 deep elf archers
  A shadow dragon zombie (Tomb:1)
  12 bog bodies
  11 glowing orange brains
  8 lindwurms
  12 orc knights
  12 phantasmal warriors
  3 harpies (Vaults:2)
  A mana viper (shapeshifter) (Vaults:4)
  18 necromancers
  18 ironbound convokers
  17 wolf spiders
  31 deep elf zephyrmancers
  21 deep elf pyromancers
  2 shadow dragon skeletons
  8 orc sorcerers
  5 shining eyes
  A tengu skeleton (Vaults:2)
  A spectral wolf spider (Spider:1)
  2 oklob plants (Zot:1)
  3 manticores
  61 ugly things
  19 moths of wrath
  4 will-o-the-wisps
  A frost giant zombie (Depths:1)
  3 spectral ettins
  6 cyclopes
  A sphinx skeleton (Crypt:2)
  An iron dragon skeleton (Depths:3)
  A salamander (Abyss:2)
  2 spectral centaurs (Tar:2)
  11 molten gargoyles
  A worldbinder (Abyss:4)
  A faun (shapeshifter) (Depths:2)
  A draconian skeleton (Hell)
  12 vault sentinels
  3 fire giant skeletons
  An elephant (shapeshifter) (Vaults:4)
  10 elephants
  A rust devil (Abyss:3)
  2 apocalypse crabs
  5 guardian serpents
  A titan simulacrum (Hell)
  10 black mambas
  Maurice (D:11)
  A water nymph (shapeshifter) (Vaults:4)
  2 eyes of devastation
  16 smoke demons
  A naga mage (Abyss:2)
  A storm dragon simulacrum (Coc:1)
  An emperor scorpion simulacrum (Spider:1)
  20 hellions
  A dire elephant skeleton (Tomb:1)
  4 torpor snails
  2 gargoyles
  10 cane toads
  A grey draconian zombie (Crypt:2)
  2 naga skeletons
  A centaur skeleton (Crypt:3)
  5 orange demons
  4 unseen horrors
  5 rime drakes
  4 kobold demonologists
  4 hellwings
  2 anaconda simulacra
  3 demonic crawlers
  An unseen horror zombie (Crypt:3)
  3 efreet
  8 tengu conjurers
  6 freezing wraiths
  3 ancient zymes
  12 komodo dragons
  2 ice devils
  20 tormentors
  A white draconian skeleton (Crypt:3)
  A ghost moth simulacrum (Spider:1)
  A golden dragon simulacrum (Coc:3)
  7 spectral harpies
  A yellow draconian skeleton (Crypt:2)
  63 yaktaurs
  35 guardian mummies
  3 spectral nagas
  3 meliai (D:13)
  2 red draconian skeletons (Crypt:3)
  A meliai (shapeshifter) (Vaults:4)
  2 polar bears (Lair:5)
  15 trolls
  11 tyrant leeches
  2 merfolk (shapeshifter)
  3 silent spectres
  4 harpy skeletons
  A spriggan zombie (Depths:1)
  A troll (shapeshifter) (D:12)
  4 red devils
  A boulder beetle zombie (Crypt:1)
  14 hornets
  10 raiju
  93 slime creatures
  6 blink frogs
  27 tarantellas
  3 ettin zombies
  14 dream sheep (Lair:3)
  48 saltlings (Desolation)
  2 iron dragon simulacra
  A human simulacrum (Vaults:2)
  47 jumping spiders
  A stone giant simulacrum (Coc:1)
  2 water elementals
  A vampire (Abyss:3)
  An elf simulacrum (Vaults:2)
  5 air elementals
  2 dire elephant simulacra (Coc:1)
  A naga simulacrum (Coc:1)
  A fire dragon skeleton (Geh:2)
  3 shadows
  An ettin skeleton (Vaults:1)
  8 wraiths
  22 flying skulls
  7 ushabtiu
  19 culicivoras
  5 golden eyes (Slime:5)
  8 wyverns
  56 yaks
  5 basilisks
  A wyvern (shapeshifter) (Elf:2)
  2 fire elementals
  3 steam dragons
  3 chaos spawn
  66 redbacks
  13 vampire mosquitoes
  7 neqoxecs
  4 fire bats (Abyss:3)
  A water nymph zombie (Crypt:3)
  Menkaure (D:6)
  A spectral entropy weaver (Spider:1)
  3 harpy simulacra
  19 swamp worms
  7 wargs
  An acid dragon (D:11)
  14 water moccasins
  A hydra simulacrum (Coc:2)
  A naga zombie (Hell)
  8 swamp drakes
  13 large abominations
  13 hell hounds
  A cane toad skeleton (Crypt:3)
  A sky beast (D:7)
  9 small abominations
  2 black bears
  2 ettin simulacra
  31 orc warriors
  An ice dragon simulacrum (Coc:1)
  A manticore zombie (Crypt:1)
  3 ice beasts
  A dream sheep zombie (Crypt:1)
  16 ogres
  4 wolves
  A black mamba simulacrum (Coc:1)
  2 centaurs (D:13)
  2 boggarts (Depths:4)
  2 kobold brigands (D:12)
  A salamander zombie (Crypt:1)
  2 elf zombies
  14 bullfrogs
  A komodo dragon zombie (Crypt:3)
  5 necrophages
  4 earth elementals
  An entropy weaver simulacrum (Spider:1)
  2 gnoll sergeants
  2 scorpions
  A warg zombie (Crypt:2)
  7 wights (D:9)
  A swamp dragon simulacrum (Tomb:1)
  10 killer bees
  A wolf zombie (Crypt:1)
  5 electric eels
  A howler monkey (D:11)
  2 centaur zombies (Ossuary)
  3 human zombies
  26 jellies
  2 gnoll boudas
  11 hounds
  31 orc priests
  2 iron imps
  A human skeleton (Crypt:3)
  3 iguanas
  21 orc wizards
  Natasha (D:2)
  7 hell rats (Hell)
  A killer bee zombie (Crypt:1)
  A hound zombie (Ossuary)
  34 mummies
  A howler monkey skeleton (Crypt:2)
  17 gnolls
  5 adders
  2 white imps
  2 ufetubi
  3 adder zombies (Ossuary)
  A lava snake skeleton (Crypt:2)
  A worm (D:3)
  3 dart slugs
  64 orcs
  8 bats
  7 endoplasms
  5 giant cockroaches
  3 gnoll zombies (Ossuary)
  9 goblins
  6 hobgoblins
  6 jackals (D:4)
  2 quokkas
  4 ball pythons
  4 frilled lizards
  2 goblin zombies (Ossuary)
  3 hobgoblin zombies (Ossuary)
  5 jackal zombies (Ossuary)
  9 kobolds
  4 kobold zombies (Ossuary)
  An orc zombie (Ossuary)
  2 quokka zombies (Ossuary)
  4 rats
  4 rat zombies (Ossuary)
  4 creeping infernos
  41 fire vortices
  3 lurking horrors
  A starspawn tentacle (Abyss:4)
3384 creatures vanquished.

Vanquished Creatures (collateral kills)
  6 royal mummies
  A Tzitzimitl (Tar:6)
  A doom hound (Tar:7)
  A titan (Vaults:4)
  A deep elf master archer (Elf:3)
  An ancient champion (Dis:3)
  A revenant (Tomb:2)
  A deep elf elementalist (Elf:3)
  A stone giant (Vaults:5)
  2 bennus
  A mummy priest (Tomb:2)
  2 yaktaur captains (Vaults:4)
  A death scarab (Tomb:3)
  A vault sentinel (Vaults:4)
  4 guardian mummies (Tomb:2)
  An ushabti (Tomb:3)
  7 mummies (Tomb:2)
33 creatures vanquished.

Vanquished Creatures (others)
  A draconian knight (Zot:1)
  A fire giant (Depths:3)
  A shard shrike simulacrum (Coc:3)
  A draconian scorcher (Zot:5)
  A bunyip (Swamp:3)
  A wendigo (Coc:3)
  A mummy priest (Tomb:2)
  A ragged hierophant (Desolation)
  A juggernaut simulacrum (Coc:3)
  2 stokers
  2 two-headed ogres (Zot:2)
  A caustic shrike simulacrum (Coc:3)
  An alligator (Swamp:4)
  A soul eater (Hell)
  3 hell knights (Hell)
  A skeletal warrior (Hell)
  2 sun demons (Hell)
  A goliath frog (Swamp:2)
  A necromancer (Hell)
  A spectral wolf spider (Spider:1)
  A deep elf zephyrmancer (Elf:3)
  A smoke demon (Hell)
  A guardian mummy (Tomb:2)
  5 bloated husks
  A hornet (Swamp:2)
  A saltling (Desolation)
  An iron dragon simulacrum (Coc:3)
  A culicivora (Spider:2)
  A redback (Spider:2)
  A harpy simulacrum (Coc:3)
  A hydra simulacrum (Coc:3)
  2 hell hounds (Hell)
  A swamp drake (Swamp:3)
  A scorpion (Lair:4)
  A mummy (Tomb:2)
  2 creeping infernos
  3 fire vortices
  20 foxfires
  34 fungi
  13 plants
  18 starspawn tentacles
135 creatures vanquished.

Grand Total: 3552 creatures vanquished

Notes
Turn   | Place    | Note
-------+----------+-------------------------------------------
     0 | D:1      | Decritt the Minotaur Fighter began the quest for the Orb.
     0 | D:1      | Reached XP level 1. HP: 19/19 MP: 0/0
   194 | D:1      | Reached XP level 2. HP: 27/27 MP: 1/1
  1086 | D:2      | Identified the +6 chain mail of Snakes and Ladders {Regen+
                  | Str+5}
  1299 | D:2      | Reached XP level 3. HP: 33/33 MP: 2/2
  1404 | D:2      | Noticed Natasha
  1411 | D:2      | Killed Natasha
  1884 | D:3      | Reached XP level 4. HP: 41/41 MP: 3/3
  1895 | D:3      | Found an ornate altar of the Wu Jian Council.
  2568 | D:4      | Found Guaff's Assorted Antiques.
  2569 | D:4      | Found Igory's Magic Scroll Boutique.
  2575 | D:4      | Noticed a scorpion
  2703 | D:4      | Killed a scorpion
  2704 | D:4      | Reached XP level 5. HP: 36/47 MP: 4/4
  2739 | D:4      | Bought a scroll of identify for 24 gold pieces
  2739 | D:4      | Bought a scroll of teleportation for 36 gold pieces
  2739 | D:4      | Bought a scroll of teleportation for 36 gold pieces
  2739 | D:4      | Bought a scroll of identify for 24 gold pieces
  2739 | D:4      | Bought a scroll of teleportation for 36 gold pieces
  2777 | D:4      | Found Cuwol Sis's Distillery.
  2780 | D:4      | Bought a potion of heal wounds for 55 gold pieces
  2780 | D:4      | Bought a potion of curing for 33 gold pieces
  2813 | D:4      | Reached skill level 1 in Dodging
  2838 | D:4      | Found Eniss's Assorted Antiques.
  2920 | D:4      | Reached skill level 5 in Fighting
  3103 | D:4      | Found Toamnuca's Jewellery Shoppe.
  3107 | D:4      | Reached skill level 5 in Armour
  3109 | D:4      | Reached XP level 6. HP: 56/56 MP: 5/5
  3509 | D:4      | Bought a scroll labelled TAXOYL VOEKISA for 22 gold pieces
  3509 | D:4      | Bought a scroll labelled XUINATE FAIM for 22 gold pieces
  3633 | D:5      | Entered Level 5 of the Dungeon
  3636 | D:5      | Found a bloodstained altar of Trog.
  3667 | D:5      | Found a staircase to the Ecumenical Temple.
  3737 | Temple   | Entered the Ecumenical Temple
  3884 | Temple   | Became a worshipper of the Shining One
  4243 | D:5      | Reached skill level 5 in Axes
  4243 | D:5      | Reached skill level 5 in Shields
  4309 | D:5      | Reached XP level 7. HP: 62/62 MP: 6/6
  4503 | D:6      | Found a shimmering altar of Xom.
  4507 | D:6      | Noticed a steam dragon
  4514 | D:6      | Killed a steam dragon
  4515 | D:6      | Reached skill level 1 in Invocations
  4533 | D:6      | Found a sand-covered staircase.
  4540 | Ossuary  | Entered an ossuary
  4548 | Ossuary  | Reached * piety under the Shining One
  4622 | Ossuary  | Reached ** piety under the Shining One
  4632 | Ossuary  | Reached XP level 8. HP: 71/71 MP: 7/7
  4693 | Ossuary  | Reached *** piety under the Shining One
  4804 | D:6      | Noticed Menkaure
  4810 | D:6      | Killed Menkaure
  5435 | D:7      | Found a stormy altar of Qazlal.
  5474 | D:7      | Found a snail-covered altar of Cheibriados.
  5948 | D:8      | Found a radiant altar of Vehumet.
  5950 | D:8      | Reached XP level 9. HP: 80/81 MP: 9/9
  6250 | D:8      | Found an iron altar of Okawaru.
  6296 | D:8      | Noticed a cyclops
  6303 | D:8      | Killed a cyclops
  6750 | D:9      | You fall into a shaft and drop 2 floors!
  6753 | D:11     | Noticed a cyclops
  6762 | D:11     | Killed a cyclops
  6778 | D:11     | Identified the +8 falchion "Iryogh" {vorpal, *Noise rElec
                  | MP+9}
  6795 | D:11     | Reached skill level 5 in Dodging
  6800 | D:11     | Noticed a cyclops
  6813 | D:11     | Reached XP level 10. HP: 91/91 MP: 11/11
  6825 | D:11     | Killed a cyclops
  6839 | D:11     | Found a staircase to the Lair.
  6889 | D:11     | Noticed Maurice
  6899 | D:11     | Killed Maurice
  6962 | D:10     | Entered Level 10 of the Dungeon
  6987 | D:10     | Noticed a two-headed ogre
  6996 | D:10     | Killed a two-headed ogre
  6997 | D:10     | Reached skill level 10 in Fighting
  7058 | D:10     | Reached skill level 10 in Armour
  7073 | D:10     | Found a broken altar of Ashenzari.
  7095 | D:10     | Noticed a two-headed ogre
  7095 | D:10     | Reached **** piety under the Shining One
  7138 | D:9      | Reached skill level 10 in Axes
  7284 | D:9      | Found a shadowy altar of Dithmenos.
  7458 | D:9      | Found a white marble altar of Elyvilon.
  7595 | D:9      | Reached skill level 5 in Invocations
  7597 | D:9      | Reached XP level 11. HP: 101/101 MP: 13/13
  7810 | D:10     | Killed a two-headed ogre
  7887 | D:10     | Found a hazy altar of Hepliaklqana.
  7980 | D:10     | Noticed a green ugly thing
  7982 | D:10     | Reached ***** piety under the Shining One
  7993 | D:10     | Killed a green ugly thing
  7997 | D:10     | Found a blossoming altar of Fedhas.
  8169 | D:10     | Found a transporter.
  8171 | D:10     | Found a transporter.
  8172 | D:10     | Noticed a boulder beetle
  8203 | D:10     | Killed a boulder beetle
  8406 | D:11     | Noticed a two-headed ogre
  8411 | D:11     | Killed a two-headed ogre
  8430 | D:11     | Noticed a boulder beetle
  8487 | D:11     | Killed a boulder beetle
  8734 | D:11     | Found a sacrificial altar of Ru.
  8856 | D:12     | Noticed a brown ugly thing
  8862 | D:12     | Killed a brown ugly thing
  9601 | D:12     | Found a staircase to the Orcish Mines.
 10014 | D:12     | Noticed a deep elf pyromancer
 10019 | D:12     | Killed a deep elf pyromancer
 10020 | D:12     | Reached XP level 12. HP: 112/112 MP: 15/15
 10139 | D:13     | Found a transporter.
 10146 | D:13     | Noticed a centaur warrior
 10151 | D:13     | Killed a centaur warrior
 10340 | D:13     | Found Riocs's General Store.
 10529 | D:4      | Bought the ring of Ciguaboa {rElec rF+ rC+ Int+6} for 768
                  | gold pieces
 10683 | Lair:1   | Entered Level 1 of the Lair of Beasts
 11661 | Lair:2   | Noticed Nergalle
 11667 | Lair:2   | Killed Nergalle
 11985 | Lair:2   | Reached XP level 13. HP: 123/123 MP: 17/17
 12294 | Lair:2   | Found a staircase to the Swamp.
 12485 | Lair:3   | Found a hole to the Spider Nest.
 13781 | Lair:4   | Reached ****** piety under the Shining One
 13785 | Lair:4   | Reached skill level 15 in Fighting
 13790 | Lair:4   | Reached skill level 15 in Armour
 14182 | Lair:5   | Entered Level 5 of the Lair of Beasts
 14194 | Lair:5   | Reached XP level 14. HP: 126/135 MP: 19/19
 14230 | Lair:5   | Reached skill level 15 in Axes
 14272 | Lair:5   | Found a staircase to the Slime Pits.
 14272 | Lair:5   | Found a viscous altar of Jiyva.
 14700 | Lair:5   | Found a burning altar of Makhleb.
 14916 | Lair:5   | Found a gateway to Hell.
 15501 | Orc:1    | Entered Level 1 of the Orcish Mines
 15537 | Orc:1    | Reached skill level 10 in Dodging
 16080 | Orc:2    | Entered Level 2 of the Orcish Mines
 16080 | Orc:2    | Found Suklouph's Book Emporium.
 16101 | Orc:2    | Reached skill level 1 in Throwing
 16126 | Orc:2    | Found a staircase to the Elven Halls.
 16126 | Orc:2    | Noticed Rupert
 16227 | Orc:1    | Killed Rupert
 16609 | Orc:2    | Found Odwoxu's General Store.
 16619 | Orc:2    | Found Toaj's Distillery.
 16695 | Orc:2    | Bought a potion of heal wounds for 70 gold pieces
 16718 | Orc:2    | Gained mutation: You are clumsy. (Dex -2) [a neqoxec]
 16773 | Orc:2    | Reached XP level 15. HP: 111/145 MP: 20/20
 17123 | Orc:2    | Found Xoucecs's Book Shoppe.
 17123 | Orc:2    | Found Ibed's Antique Weapon Emporium.
 17129 | Orc:2    | Found a one-way gate leading to the halls of Pandemonium.
 17380 | Spider:1 | Entered Level 1 of the Spider Nest
 17772 | Lair:3   | Upgraded the game from 0.30-a0-154-gb106f4c828 to
                  | 0.30-a0-162-g2ba88f6271
 17848 | Swamp:1  | Entered Level 1 of the Swamp
 18809 | Swamp:1  | Paralysed by a hornet for 1 turns
 19137 | Swamp:2  | Noticed a tentacled monstrosity
 19151 | Swamp:2  | Killed a tentacled monstrosity
 20120 | Swamp:3  | Reached skill level 10 in Invocations
 20443 | Swamp:3  | Reached XP level 16. HP: 87/157 MP: 19/22
 21198 | Swamp:4  | Entered Level 4 of the Swamp
 21200 | Swamp:4  | Noticed a tentacled monstrosity
 21500 | Swamp:4  | Killed a tentacled monstrosity
 22637 | Swamp:4  | Noticed the 27-headed Lernaean hydra
 22783 | Swamp:3  | Killed the 23-headed Lernaean hydra
 23081 | Swamp:4  | Got a decaying rune of Zot
 23422 | Swamp:4  | Noticed a thorn hunter
 23438 | Swamp:4  | Killed a thorn hunter
 23910 | D:13     | Noticed Josephine
 23918 | D:13     | Killed Josephine
 24136 | D:13     | Found Uloer's Jewellery Emporium.
 24258 | D:13     | Noticed Snorg
 24269 | D:13     | Killed Snorg
 24491 | D:13     | Found a one-way gate to the infinite horrors of the Abyss.
 24510 | D:13     | Noticed choppaz's ghost (journeyman MiBe)
 24538 | D:13     | Found a transporter.
 24739 | D:14     | Found a gate to the Vaults.
 24824 | D:14     | Noticed Jorgrun
 24837 | D:14     | Killed Jorgrun
 24838 | D:14     | Reached XP level 17. HP: 141/168 MP: 24/24
 25974 | D:14     | Found Puarac's Gadget Gallery.
 26331 | D:15     | Entered Level 15 of the Dungeon
 26480 | D:15     | Noticed Roxanne
 26504 | D:15     | Killed Roxanne
 27230 | D:15     | Identified the +1 chain mail "Kusoumic" {*Slow Str+6 Int+3}
 27399 | D:15     | Found a staircase to the Depths.
 27658 | Elf:1    | Entered Level 1 of the Elven Halls
 27689 | Elf:1    | Found Ceretuck's Antique Armour Boutique.
 27693 | Elf:1    | Found Giobeuch's Armour Shop.
 27877 | Elf:1    | Identified a scroll of acquirement
 28621 | Elf:2    | Found a runed translucent gate.
 28621 | Elf:2    | Found a runed translucent gate.
 28626 | Elf:2    | Found a runed translucent gate.
 28744 | Elf:2    | Identified the +9 long sword of the Eight Ultimatums {holy,
                  | Int+4}
 29431 | Elf:3    | Entered Level 3 of the Elven Halls
 29437 | Elf:3    | Reached skill level 15 in Dodging
 29593 | Elf:3    | Paralysed by an air elemental for 1 turns
 29611 | Elf:3    | Reached XP level 18. HP: 165/178 MP: 25/25
 30116 | Elf:3    | Paralysed by an air elemental for 1 turns
 30210 | Elf:3    | Paralysed by an air elemental for 1 turns
 30288 | Elf:3    | Noticed a Hell Sentinel
 30292 | Elf:3    | Noticed a Tzitzimitl
 30297 | Elf:3    | Noticed an Ice Fiend
 30527 | Elf:3    | Identified the +12 mace "Orb Guardian's Doom" {vorpal, Fly
                  | rN++ rCorr Int-5}
 30874 | Elf:3    | Identified the +5 scimitar "Soacs" {freeze, *Rage rC+ Int+3
                  | SInv}
 30874 | Elf:3    | Identified the ring "Ziomab" {rF- Will+ Dex+5}
 30920 | Elf:3    | Noticed a Hell Sentinel
 30924 | Elf:2    | Noticed a Brimstone Fiend
 31123 | Elf:3    | Identified the +0 leather armour of Agoraphobia {rN+ SInv}
 31341 | Elf:3    | Identified the +5 falchion of Jox Ejeq {holy, MP+9 Stlth+}
 31349 | Elf:3    | Identified the +5 flail of Infection {venom, rC+}
 31643 | Elf:3    | Identified the ring of Huexont {rCorr Slay+6 SInv}
 32571 | Elf:3    | Identified the ring of Qinayrgh {Fly rElec Will+ rCorr
                  | Int+2}
 32615 | Elf:3    | Got the Opusculum on Dislocated Snow
 32887 | Depths:1 | Entered Level 1 of the Depths
 33077 | Orc:2    | Bought a manual of Maces & Flails for 1040 gold pieces
 33256 | Spider:1 | Reached skill level 1 in Maces & Flails
 33320 | Spider:1 | Found a transporter.
 33320 | Spider:1 | Noticed dziebel133's ghost (journeyman DrCj)
 33475 | Spider:1 | Found a transporter.
 33510 | Spider:1 | Killed dziebel133's ghost
 33590 | Spider:1 | You fall into a shaft and drop 1 floor!
 33737 | Spider:2 | Found a transporter.
 33741 | Spider:2 | Found a transporter.
 34293 | Spider:1 | Reached XP level 19. HP: 189/189 MP: 27/27
 34902 | Spider:3 | Noticed Arachne
 34911 | Spider:3 | Killed Arachne
 34980 | Spider:3 | Noticed Agnes
 34987 | Spider:3 | Killed Agnes
 35476 | Spider:4 | Entered Level 4 of the Spider Nest
 37439 | Spider:4 | Got a gossamer rune of Zot
 38214 | Depths:1 | Found a one-way gateway to a ziggurat.
 38214 | Depths:1 | Noticed an ancient lich
 38341 | Depths:1 | Found Kaoruv's Pet Rocks.
 38427 | Depths:1 | Noticed Sojobo
 38437 | Depths:1 | Killed Sojobo
 38438 | Depths:1 | Reached XP level 20. HP: 108/200 MP: 25/28
 39191 | Depths:1 | You fall into a shaft and drop 1 floor!
 39279 | Depths:2 | Noticed the Enchantress
 39286 | Depths:2 | Killed the Enchantress
 39414 | Depths:2 | Identified the ring "Omanille" {rPois rCorr Dex+7 Slay-2
                  | SInv}
 39437 | Depths:2 | Noticed an ancient lich
 39460 | Depths:2 | Killed an ancient lich
 39524 | Depths:2 | Got Sif Muna's Encyclopedia of Clouds
 39580 | Depths:2 | Noticed Nikola
 39603 | Depths:2 | Killed Nikola
 40228 | Depths:2 | Noticed a caustic shrike
 40236 | Depths:2 | Killed a caustic shrike
 40514 | Depths:2 | Noticed a golden dragon
 40533 | Depths:2 | Killed a golden dragon
 40534 | Depths:2 | Reached XP level 21. HP: 166/212 MP: 30/30
 40848 | Depths:2 | Identified the +11 glaive "Tasavvegh" {vorpal, rF+ rN+
                  | SInv}
 42022 | Depths:4 | Entered Level 4 of the Depths
 42538 | Depths:4 | Found a gate to the Realm of Zot.
 42841 | Depths:4 | Found a shimmering blue altar of Sif Muna.
 42884 | Depths:4 | Identified the +4 scale mail "Wixony" {-Tele Dex+9}
 43119 | Depths:4 | Noticed a golden dragon
 43126 | Depths:4 | Killed a golden dragon
 43181 | Depths:4 | Found Fasesucw's Jewellery Emporium.
 43182 | Depths:4 | Found Mimpa's Book Shop.
 43183 | Depths:4 | Found Heaghator's Jewellery Emporium.
 43526 | Vaults:1 | Entered Level 1 of the Vaults
 43717 | Vaults:1 | Found a gateway to a bazaar.
 43819 | Vaults:1 | Reached XP level 22. HP: 205/222 MP: 31/31
 44191 | Vaults:1 | Reached skill level 10 in Shields
 46777 | Depths:4 | Bought the dreamshard necklace {*Dream Drain} for 3000 gold
                  | pieces
 46777 | Depths:4 | Found the dreamshard necklace {*Dream Drain}
 47514 | Vaults:3 | Found Neymul's Distillery.
 47516 | Vaults:3 | Noticed Xtahua
 47533 | Vaults:3 | Killed Xtahua
 47576 | Vaults:3 | Bought 2 potions of heal wounds for 210 gold pieces
 47576 | Vaults:3 | Bought a potion of resistance for 210 gold pieces
 47699 | Vaults:3 | Reached XP level 23. HP: 217/232 MP: 32/32
 47720 | Vaults:3 | Identified the +1 chain mail of the Realm of Zot {*Corrode
                  | Str-4 Int+3 Dex+7}
 47964 | Vaults:3 | Found a staircase to the Crypt.
 48301 | Vaults:4 | Found a crumbling gateway.
 48347 | Desolati | Entered the Desolation of Salt
 48461 | Desolati | Got the Monograph on Damage Dealing
 48463 | Desolati | Got the Incunabulum of Vitriolic Left-Handed Secrets
 48466 | Desolati | Identified the +0 pair of gloves of the Dragon {SInv}
 48477 | Desolati | Got Merhoewn's Reference Book on the Quarry
 48534 | Desolati | Got Hosur's Secrets of Evil and Calefaction
 48605 | Desolati | Identified the +3 arbalest of Traps {freeze, Contam rCorr
                  | Str+4}
 48631 | Desolati | Reached skill level 15 in Shields
 48636 | Desolati | Got Soudy's Vellum of Transmutation
 49106 | Vaults:4 | Found a transporter.
 49149 | Vaults:4 | Found a transporter.
 49340 | D:15     | Acquired the +0 crystal plate armour of the Black Skies
                  | {rElec rC+++ Dex-5}
 49341 | D:15     | Acquired a manual of Invocations
 49876 | Vaults:4 | Identified the +0 hat "Wuwosis" {rPois}
 50607 | Vaults:4 | Identified the amulet of Ikigipes {Acrobat Dex+3}
 50615 | Vaults:4 | Identified the ring of Vaumm {rPois MP+9 SInv}
 50655 | Vaults:4 | Identified the +8 war axe of Eternal Vigilance {flame,
                  | Str+6 Dex+5 SInv}
 50660 | Vaults:4 | Identified the +3 war axe of Xelifot {vorpal, rPois Str+4}
 50791 | Vaults:5 | Entered Level 5 of the Vaults
 50798 | Vaults:5 | Reached XP level 24. HP: 209/240 MP: 32/32
 52265 | Vaults:5 | Noticed Mennas
 52266 | Vaults:5 | Identified the +5 robe of the Monkey's Uncle {Dex+4 SInv}
 52397 | Vaults:4 | Killed Mennas
 52782 | Vaults:5 | Gained mutation: You are very clumsy. (Dex -4) [a neqoxec]
 53451 | Vaults:5 | Noticed a dread lich
 53536 | Vaults:5 | Noticed Boris
 53597 | Vaults:5 | Killed Boris
 53598 | Vaults:5 | Reached skill level 15 in Invocations
 53863 | Vaults:5 | Killed a dread lich
 53939 | Vaults:5 | Noticed a dread lich
 53952 | Vaults:5 | Killed a dread lich
 54545 | Vaults:5 | Got a silver rune of Zot
 54549 | Vaults:5 | Identified the +8 plate armour "Ruvidyhymy" {rPois Str+3
                  | Int+3}
 54687 | Vaults:5 | Identified the +8 spear of Foolhardiness {speed, rF+++ rC++
                  | Will- Str+2}
 54733 | Vaults:5 | Identified the ring "Jefena" {rF+ rN+ Will++ rCorr Dex-4}
 54787 | Vaults:5 | Noticed Frederick
 54990 | Vaults:4 | Killed Frederick
 55153 | Vaults:5 | Found Ciggisux's Armour Shoppe.
 55160 | Vaults:5 | Bought the +18 shield of the Gong {rElec rN+ Will+ EV-5}
                  | for 1167 gold pieces
 55160 | Vaults:5 | Found the +18 shield of the Gong {rElec rN+ Will+ EV-5}
 56028 | D:15     | Identified a +9 broad axe of holy wrath (a +9 broad axe of
                  | flaming blessed by the Shining One)
 56028 | D:15     | Received a gift from the Shining One
 56184 | Crypt:1  | Entered Level 1 of the Crypt
 57405 | Crypt:2  | Reached XP level 25. HP: 247/251 MP: 34/34
 58048 | Crypt:3  | Entered Level 3 of the Crypt
 58144 | Crypt:3  | Found the +6 Majin-Bo {vamp, MP+6 Int+6}
 58485 | Crypt:3  | Found a staircase to the Tomb.
 58774 | Crypt:3  | Noticed an ancient lich
 58799 | Crypt:3  | Noticed an ancient lich
 58965 | Crypt:3  | Killed an ancient lich
 58973 | Crypt:3  | Identified the +10 mace of Arrival {speed, rC+ Int+4}
 58984 | Crypt:3  | Killed an ancient lich
 58990 | Crypt:3  | Identified the +3 bardiche of Arrival {drain, Will++ Str-5
                  | Dex+4}
 59754 | Hell     | Entered the Vestibule of Hell
 59754 | Hell     | Noticed Geryon
 59789 | Hell     | Killed Geryon
 59958 | Depths:1 | Killed an ancient lich
 60094 | Hell     | Found a gateway to the freezing wastes of Cocytus.
 60178 | Hell     | Found a gateway to the Iron City of Dis.
 60270 | Hell     | Found a gateway to the ashen valley of Gehenna.
 60357 | Hell     | Found a gateway to the decaying netherworld of Tartarus.
 60567 | Tar:1    | Entered Level 1 of Tartarus
 61752 | Tar:3    | Reached XP level 26. HP: 235/249 MP: 34/34
 62040 | Tar:4    | Reached skill level 27 in Fighting
 62113 | Tar:4    | Reached skill level 27 in Axes
 64287 | Tar:7    | Entered Level 7 of Tartarus
 64314 | Hell     | HP: 12/256 [bone dragon[a doom hound] (11)]
 65355 | Tar:7    | Noticed an ancient lich
 66130 | Tar:7    | Killed an ancient lich
 66342 | Geh:1    | Entered Level 1 of Gehenna
 66875 | Geh:2    | Reached XP level 27. HP: 161/213 MP: 35/35
 66923 | Geh:2    | Noticed a dread lich
 67191 | Hell     | Killed a dread lich
 67269 | Geh:2    | Noticed a dread lich
 67295 | Geh:2    | Killed a dread lich
 67998 | Geh:4    | Gained mutation: You are frail. (-10% HP) [mutagenic glow]
 68009 | Hell     | Gained mutation: Armour fits poorly on your strangely
                  | shaped body. [mutagenic glow]
 68524 | Temple   | Fell from the grace of the Shining One
 68524 | Temple   | Became a worshipper of Zin the Law-Giver
 68524 | Temple   | Reached * piety under Zin
 68524 | Temple   | Reached ** piety under Zin
 68524 | Temple   | Reached *** piety under Zin
 68524 | Temple   | Reached **** piety under Zin
 68524 | Temple   | Reached ***** piety under Zin
 68525 | Temple   | Donated 306 gold pieces to Zin
 68755 | Slime:1  | Entered Level 1 of the Pits of Slime
 69692 | Slime:5  | Entered Level 5 of the Pits of Slime
 70068 | Slime:5  | Noticed the Royal Jelly
 70321 | Slime:5  | Killed the Royal Jelly
 70982 | Slime:5  | Identified the ring "Tutig" {Contam +Blink rC++ Int+4
                  | Dex+6}
 70996 | Slime:5  | Got a slimy rune of Zot
 71043 | Slime:5  | Reached ****** piety under Zin
 71044 | Slime:5  | Identified the ring "Usah" {Ice rElec}
 71050 | Slime:5  | Identified the +10 plate armour "Duwnyemm" {Will++ Int-4
                  | Dex+2}
 71257 | Slime:5  | Lost mutation: You are frail. (-10% HP) [potion of
                  | mutation]
 71257 | Slime:5  | Lost mutation: You are very clumsy. (Dex -4) [potion of
                  | mutation]
 71257 | Slime:5  | Lost mutation: You are clumsy. (Dex -2) [potion of
                  | mutation]
 71258 | Slime:5  | Lost mutation: Armour fits poorly on your strangely shaped
                  | body. [potion of mutation]
 72158 | Tomb:1   | Entered Level 1 of the Tomb of the Ancients
 72565 | Tomb:1   | Noticed a royal mummy
 73314 | Coc:1    | Entered Level 1 of Cocytus
 73534 | Hell     | Reached skill level 1 in Evocations
 74170 | Coc:3    | Noticed a dread lich
 74188 | Coc:3    | Killed a dread lich
 74206 | Coc:3    | HP: 7/273 [harpy simulacrum (7)]
 74777 | Geh:4    | Reached skill level 1 in Polearms
 75080 | Geh:5    | You fall into a shaft and drop 1 floor!
 75479 | Geh:7    | Entered Level 7 of Gehenna
 75675 | Geh:7    | Reached skill level 5 in Polearms
 76413 | Hell     | Upgraded the game from 0.30-a0-162-g2ba88f6271 to
                  | 0.30-a0-166-g5d06c95188
 76562 | Zot:1    | Entered Level 1 of the Realm of Zot
 77227 | Zot:1    | Acquired a manual of Invocations
 79067 | Zot:2    | Reached skill level 27 in Armour
 81097 | Zot:4    | Noticed Parghit
 81167 | Zot:3    | Killed Parghit
 81168 | Zot:3    | Reached skill level 10 in Polearms
 82549 | Zot:5    | Entered Level 5 of the Realm of Zot
 82634 | Zot:5    | Reached skill level 5 in Evocations
 83077 | Zot:5    | Noticed a dread lich
 83095 | Zot:5    | Killed a dread lich
 83121 | Zot:5    | Noticed an ancient lich
 83134 | Zot:5    | Killed an ancient lich
 83228 | Zot:5    | Noticed an ancient lich
 83236 | Zot:5    | Killed an ancient lich
 83332 | Zot:5    | Noticed an orb of fire
 83334 | Zot:5    | Noticed an orb of fire
 83715 | Zot:4    | Killed an orb of fire
 83775 | Zot:5    | Noticed an orb of fire
 83780 | Zot:5    | Noticed an orb of fire
 83781 | Zot:5    | Noticed an orb of fire
 83807 | Zot:4    | Killed an orb of fire
 83920 | Zot:4    | Donated 565 gold pieces to Zin
 83949 | Zot:4    | Killed an orb of fire
 84229 | Zot:4    | Killed an orb of fire
 84244 | Zot:4    | Killed an orb of fire
 84432 | Zot:5    | Noticed an orb of fire
 84449 | Zot:5    | Killed an orb of fire
 84616 | Zot:5    | Noticed an orb of fire
 85532 | Zot:4    | Killed an orb of fire
 85922 | Zot:5    | Lost intelligence.
 86656 | Zot:5    | Noticed an ancient lich
 86671 | Zot:5    | Killed an ancient lich
 88704 | Dis:1    | Entered Level 1 of the Iron City of Dis
 88813 | Dis:1    | Reached skill level 5 in Throwing
 89369 | Dis:2    | You fall into a shaft and drop 1 floor!
 90224 | Dis:3    | Reached skill level 27 in Shields
 90647 | Dis:3    | Found a burning altar of Makhleb.
 91103 | Coc:3    | Paralysed by a wendigo for 1 turns
 91316 | Geh:7    | Reached skill level 27 in Dodging
 91631 | Geh:7    | Identified the +11 battleaxe of Bankruptcy {freeze, *Rage
                  | Fly rPois Str-5}
 92255 | Geh:7    | Reached skill level 15 in Polearms
 92952 | Geh:7    | Found the +7 sceptre of Asmodeus
 92952 | Geh:7    | Noticed Asmodeus
 92974 | Geh:7    | Killed Asmodeus
 93023 | Geh:7    | Got an obsidian rune of Zot
 93027 | Geh:7    | Identified the +0 pair of gloves "Nucem" {Harm Will+}
 95455 | D:13     | Killed choppaz's ghost
 95522 | D:13     | Voluntarily entered the Abyss.
 96280 | D:13     | Escaped the Abyss
 96416 | D:13     | Voluntarily entered the Abyss.
 96416 | Abyss:3  | Found a corrupted altar of Lugonu.
 96416 | Abyss:3  | Found a corrupted altar of Lugonu.
 96479 | Abyss:4  | Got an abyssal rune of Zot
 96902 | D:13     | Escaped the Abyss
 97153 | Temple   | Fell from the grace of Zin
 97153 | Temple   | Became a worshipper of the Shining One
 97833 | Tomb:1   | Identified the +3 mace of Dust {vorpal, Int+2}
 97914 | Tomb:1   | Noticed a royal mummy
 97931 | Tomb:1   | Killed a royal mummy
 98964 | Tomb:2   | Noticed a royal mummy
 98965 | Tomb:2   | Noticed a royal mummy
 98965 | Tomb:2   | Noticed a royal mummy
 98965 | Tomb:2   | Noticed a royal mummy
 98975 | Tomb:2   | HP: 13/273 [??? (7)]
 98981 | Tomb:2   | HP: 13/273 [??? (6)]
 98998 | Tomb:2   | Killed a royal mummy
 99001 | Tomb:2   | Killed a royal mummy
 99008 | Tomb:2   | HP: 12/273 [mummy priest/divine providence (9)]
 99017 | Tomb:2   | HP: 13/273 [??? (7)]
 99017 | Tomb:2   | Gained mutation: Your magical capacity is low. (-10% MP)
                  | [mutagenic glow]
 99018 | Tomb:2   | The Shining One protects you from harm!
 99023 | Tomb:2   | HP: 3/273 [mummy priest/divine providence (8)]
 99027 | Tomb:1   | Gained mutation: You are clumsy. (Dex -2) [mutagenic glow]
 99526 | Tomb:2   | Killed a royal mummy
100252 | Tomb:2   | Killed a royal mummy
100258 | Tomb:2   | Reached skill level 10 in Throwing
101039 | Tomb:1   | Noticed a royal mummy
101047 | Tomb:1   | Killed a royal mummy
101064 | Tomb:1   | Noticed a royal mummy
101074 | Tomb:1   | Killed a royal mummy
101075 | Tomb:1   | Noticed a royal mummy
101081 | Tomb:1   | Killed a royal mummy
101092 | Tomb:1   | Noticed a royal mummy
101108 | Tomb:1   | Killed a royal mummy
101516 | Tomb:1   | Noticed a royal mummy
101522 | Tomb:1   | Killed a royal mummy
101829 | Tomb:1   | Noticed a royal mummy
101840 | Tomb:1   | Killed a royal mummy
102004 | Tomb:1   | Noticed a royal mummy
102012 | Tomb:1   | Killed a royal mummy
102021 | Tomb:1   | Noticed a royal mummy
102029 | Tomb:1   | Killed a royal mummy
102326 | Tomb:1   | Noticed a royal mummy
102340 | Tomb:1   | Killed a royal mummy
102398 | Tomb:1   | Noticed a royal mummy
102400 | Tomb:1   | Noticed a royal mummy
102403 | Tomb:1   | Noticed a royal mummy
102405 | Tomb:1   | Killed a royal mummy
102413 | Tomb:1   | Noticed a royal mummy
102416 | Tomb:1   | Killed a royal mummy
102416 | Tomb:1   | Killed a royal mummy
102486 | Tomb:1   | Killed a royal mummy
102886 | Tomb:1   | Noticed a royal mummy
102894 | Tomb:1   | Killed a royal mummy
102929 | Tomb:1   | Noticed a royal mummy
102937 | Tomb:1   | Killed a royal mummy
103272 | Tomb:1   | Noticed a royal mummy
103283 | Tomb:1   | Killed a royal mummy
103402 | Tomb:1   | Noticed a royal mummy
103414 | Tomb:1   | Killed a royal mummy
103804 | Tomb:1   | Noticed a royal mummy
103805 | Tomb:1   | Noticed a royal mummy
103811 | Tomb:1   | Killed a royal mummy
103819 | Tomb:1   | Killed a royal mummy
104049 | Tomb:1   | Noticed a royal mummy
104056 | Tomb:1   | Killed a royal mummy
104076 | Tomb:1   | Noticed a royal mummy
104096 | Tomb:1   | Killed a royal mummy
104708 | Tomb:1   | Killed a royal mummy
105462 | Tomb:2   | Lost intelligence.
105947 | Tomb:3   | Entered Level 3 of the Tomb of the Ancients
105954 | Tomb:3   | Identified the +1 tower shield of Narcissism {Will- MP+9
                  | Int+7 Stlth+}
105975 | Tomb:3   | Noticed a royal mummy
105977 | Tomb:3   | Noticed a royal mummy
105977 | Tomb:3   | Noticed a royal mummy
105977 | Tomb:3   | Noticed a royal mummy
105979 | Tomb:3   | Noticed a royal mummy
105981 | Tomb:3   | HP: 12/273 [poisoned by an ushabti (dark miasma)]
105981 | Tomb:3   | Noticed a royal mummy
105981 | Tomb:3   | Noticed a royal mummy
105983 | Tomb:3   | Engulfed by an ushabti's foul pestilence

Illustrated notes

Levels and vault maps discovered:
D:1:      dpeg_arrival_stone_temple_mockup, layout_loops_corners,
          hangedman_decor_growths, minmay_pentomino_u2
D:2:      layout_basic, uniq_natasha
D:3:      layout_loops_corners, nicolae_wu_jian_immortal_techniques,
          grunt_decor_mini_mirrors
D:4:      layout_basic, serial_shops, shop, nicolae_shop_behind_doors,
          nicolae_inconvenience_store, nicolae_diamond_shop,
          kennysheep_mini_moat
D:5:      layout_basic, mainiacjoe_overflow_boulevard, temple_pool_b
D:6:      layout_basic, dk_xom_monty_hall, gup_ossuary_entry_pyramid,
          uniq_menkaure
D:7:      layout_loops_ring, mainiacjoe_overflow_cross_hatched,
          kennysheep_slug_shrine, chequers_serial_rivers_micro_e
D:8:      layout_loops_ring, vehumet_crystals, kennysheep_okawaru_gauntlet
D:9:      layout_cave_pools, elyvilon_altar_5, nicolae_dithmenos_the_darkroom
D:10:     gammafunk_boulding_lane, layout_rooms, overflow_temple_1_default,
          mainiacjoe_overflow_brackets, fedhas_altar_fruit_tree,
          kennysheep_generic_room_15
D:11:     layout_basic, erik_lair_island, nicolae_ru_path_of_blood, uniq_maurice
D:12:     layout_layer_cave, orc_0_dummy, eino_small_chamber_without_monster
D:13:     layout_basic, gammafunk_ghost_abyssal_escape, serial_shops,
          shop_statue, shop, hex_intersection, drop_trap, uniq_snorg,
          uniq_josephine
D:14:     layout_gridville, david_vaults_2, grunt_decor_resistance,
          nicolae_shop_gadgets, uniq_jorgrun
D:15:     gammafunk_enter_depths_forms, layout_loops_corners,
          minmay_misc_feat_diagonals, uniq_roxanne
Temple:   dpeg_chambers_temple
Lair:1:   layout_chaotic_city, nicolae_lair_lil_pond, serial_bayou_ford_a,
          grunt_megastairs_2
Lair:2:   layout_layer_cave, nicolae_swamp_entry_splash_gauntlet, st_stairs_5,
          uniq_nergalle
Lair:3:   layout_gridlike, spider_nest_entry_webs, lemuel_another_geyser,
          lemuel_fruit_fields
Lair:4:   layout_regular_city, minmay_holes, nicolae_lair_lakeside_cave
Lair:5:   evil_forest, layout_cave_pods, slime_entry_1
Swamp:1:  layout_basic_swamp, nicolae_swamp_bean_lake, swamp_pool1,
          infiniplex_staircase_pool
Swamp:2:  layout_falls_marsh, evilmike_swamp_ruin_house_4
Swamp:3:  nzn_winding_woodlands_three_and_one [nzn_winding_woodlands_5x15_cabin,
          nzn_winding_woodlands_5x15_sidewinder,
          nzn_winding_woodlands_5x15_concentric,
          nzn_winding_woodlands_center_triple_pond], layout_basic_swamp,
          nicolae_swamp_triple_paths, nicolae_swamp_frolicking_bunyips
Swamp:4:  grunt_swamp_rune_castle, layout_basic_swamp
Spider:1: layout_cave_pods, gammafunk_ghost_mausoleum
Spider:2: gammafunk_sealed_arena, nicolae_spider_not_touching_you
Spider:3: layout_spider_delve, uniq_arachne, uniq_agnes
Spider:4: spider_rune_water, guppyfry_spider_mini_3
Slime:1:  layout_caves
Slime:2:  layout_caves
Slime:3:  layout_caves, uniq_dissolution
Slime:4:  layout_caves
Slime:5
Orc:1:    cheibrodos_orc_guarddog, layout_caves
Orc:2:    pf_orc_diabolical, layout_caves, serial_shops,
          nicolae_shop_hallway_stairs, basic_altar, guppyfry_library_mini,
          uniq_rupert
Elf:1:    eino_elf_arrival_sip, layout_geoelf_diagonals, evilmike_minifort,
          minmay_shoptagon, grunt_megastairs_5
Elf:2:    elven_hall_of_blades_hangedman_original [mumra_blade_entry_bloodbath],
          layout_rooms
Elf:3:    minmay_elf_hall_not_hex, layout_geoelf_octagon,
          ebering_dispersal_statue_hall, st_stairs_8, glass_columns_c
Vaults:1: v_misc_16, nicolae_vaults_network_barrier, st_check,
          vaults_room_fancy_cross, v_misc_18, nicolae_vaults_what_the_h,
          nicolae_vaults_angled_halls, nicolae_vaults_asterisk,
          grunt_vaults_hallway_long, vaults_room_stairs_pillars,
          vaults_room_door_ring, nicolae_vaults_three_branches,
          hangedman_vaults_slice, layout_vaults_big_room, serial_shops,
          bzr_in_the_mist
Vaults:2: nicolae_vaults_twisting_passages, nicolae_vaults_little_ls, v_misc_9,
          vaults_room_hallway, st_lines, vaults_room_octagon,
          hangedman_vaults_trim, v_misc_25, vaults_room_door_hall,
          nicolae_vaults_shelves_hall, v_pattern_1, ontoclasm_vaults_idyll,
          nicolae_vaults_shelves_hall, layout_vaults_omnicross
Vaults:3: vaults_dpeg_cross, nicolae_vaults_network_square, v_misc_30, v_misc_8,
          minmay_crypt_entry_simple_walls, vaults_dpeg_ring,
          vaults_room_fancy_cross, nicolae_vaults_gold_heap, v_misc_9,
          v_misc_16, layout_vaults_omnibox, serial_shops, nicolae_shop_trees,
          uniq_xtahua
Vaults:4: portal_desolation_entry_nicolae_slug,
          nicolae_vaults_diagonal_hallway_6, vaults_dpeg_spiral, v_misc_29,
          gammafunk_dig_for_victory, nicolae_vaults_theta, v_misc_14,
          nicolae_vaults_border_crossing, hangedman_vaults_slice,
          layout_vaults_maze_snakey
Vaults:5: serial_shops, uniq_mennas, uniq_boris, uniq_frederick
Crypt:1:  layout_gridlike
Crypt:2:  layout_gridlike, minmay_guarded_unrand_curses, grunt_megastairs_3
Crypt:3:  david_glass_crypt, layout_basic, tomb_entry_sphere_bobbens
Tomb:1
Tomb:2
Tomb:3
Depths:1: layout_gridlike, enter_ziggurat_c, abyss_entry_crystal,
          grunt_metal_band, hex_tiny, guppyfry_shop_earth, grunt_megastairs_4,
          uniq_sojobo
Depths:2: hangedman_pleasuredromes, pan_entry, hell_entry, uniq_enchantress,
          uniq_nikola
Depths:3: kennysheep_blocky_room, layout_cave_shapes, hell_entry, abyss_entry,
          hangedman_abyss_or_decor_jellyfish_corner, grunt_decor_arrowhead,
          uniq_josephina
Depths:4: grunt_crosshair, layout_basic, grunt_pan_entry_in_and_out,
          chequers_serial_rivers_micro_b, pf_hell_entry_great_geh,
          hangedman_summoners_spam, minmay_shop_grove
Hell
Dis:1:    layout_overlapping_boxes, nicolae_dis_scattering
Dis:2:    layout_jigsaw
Dis:3:    kennysheep_iron_temple, layout_subdivisions
Geh:1:    layout_gehenna_lava_caves
Geh:2:    layout_gehenna_lava_caves, special_room [special_room_morgue]
Geh:3:    layout_gehenna_pools_triple
Geh:4:    layout_gehenna_pools_box
Geh:5:    layout_gehenna_pools_box
Geh:6:    layout_gehenna_pools_basic
Geh:7:    geh_grunt_pentagon
Coc:1:    layout_cocytus_delve, nicolae_coc_icecubes
Coc:2:    layout_ice_bergs
Coc:3:    layout_cocytus_water_paths
Tar:1:    layout_cathedral_of_symmetry
Tar:2:    hangedman_tartarus_temple_path, layout_cathedral_of_symmetry
Tar:3:    nicolae_tar_fifth_circle, layout_cathedral_of_symmetry
Tar:4:    layout_honeycomb, nicolae_tar_spectre_spectrum
Tar:5:    layout_grid_maze
Tar:6:    layout_grid_maze
Tar:7:    tar_grunt, tar_grunt_ereshkigal, tar_grunt_big_loot,
          tar_grunt_small_loot, tar_grunt_small_loot, tar_grunt_small_loot,
          tar_grunt_decor_1, tar_grunt_decor_circle_5,
          tar_grunt_decor_octagon_7, tar_grunt_decor_8,
          tar_grunt_small_decor_pillar, tar_grunt_decor_cross_diag,
          tar_grunt_decor_8, tar_grunt_decor_octagon_7,
          tar_grunt_decor_cross_diag, tar_grunt_small_decor_pillar,
          tar_grunt_small_decor_pillar, tar_grunt_decor_cross_ortho,
          tar_grunt_small_decor_pillar, tar_grunt_decor_4, tar_grunt_decor_6
Zot:1:    lemuel_acid_trip, layout_onion_interference
Zot:2:    lemuel_halls_of_wrath, layout_cellular_growth
Zot:3:    layout_twisted_circle, kennysheep_underground_church
Zot:4:    layout_gridlike, uniq_parghit
Zot:5:    layout_misc_corridors

Skill      XL: |  1  2  3  4  5  6  7  8  9 10 11 12 13 14 15 16 17 18 19 20 21 22 23 24 25 26 27 |
---------------+----------------------------------------------------------------------------------+-----
Axes           | 3 4 5 6 7 8 10 12 13 14 16 17 19 20 21 22 23 24 25 26 27 | 27.0
Armour         | 4 5 6 7 9 10 12 13 15 16 17 18 19 21 22 23 24 27 | 27.0
Fighting       | 4 5 6 7 9 10 12 13 15 16 17 19 20 21 22 23 24 25 26 27 | 27.0
Shields        | 4 5 6 9 12 19 20 21 22 27 | 27.0
Dodging        | 1 2 3 5 6 7 8 9 10 11 13 15 16 17 18 19 20 21 22 27 | 27.0
Invocations    | 1 2 3 5 6 7 8 9 10 11 12 13 14 16 17 19 24 | 24.9
Throwing       | 2 3 11 | 11.4
Maces & Flails | 1 |  1.8
Evocations     | 6 |  6.0
Polearms       | 20 | 20.6

Action                   |  1- 3 |  4- 6 |  7- 9 | 10-12 | 13-15 | 16-18 | 19-21 | 22-24 | 25-27 || total
-------------------------+-------+-------+-------+-------+-------+-------+-------+-------+-------++-------
Melee: War axe           |    65 |    94 |   190 |   378 |  1005 |   934 |   426 |       |  2183 ||  5275
       Headbutt          |     6 |    14 |    41 |   107 |   290 |   367 |   437 |   456 |  2135 ||  3853
       Executioner's axe |       |       |       |       |       |   156 |       |       |       ||   156
       Mace              |       |       |       |       |       |   135 |       |       |       ||   135
       Broad axe         |       |       |       |       |       |       |   860 |  1354 |  2253 ||  4467
       Spear             |       |       |       |       |       |       |       |       |   849 ||   849
Throw: Boomerang         |       |       |       |       |    32 |       |       |       |   163 ||   195
       Javelin           |       |       |       |       |       |       |       |       |     6 ||     6
Invok: Divine Shield     |       |       |     1 |       |     1 |     1 |     1 |     2 |     6 ||    12
       Cleansing Flame   |       |       |       |       |     3 |     1 |       |     1 |     6 ||    11
       Summon Divine War |       |       |       |       |       |     4 |       |     2 |    13 ||    19
       Brand Weapon With |       |       |       |       |       |       |       |     1 |       ||     1
       Recite            |       |       |       |       |       |       |       |       |     5 ||     5
       Vitalisation      |       |       |       |       |       |       |       |       |     5 ||     5
       Sanctuary         |       |       |       |       |       |       |       |       |     5 ||     5
       Donate Gold       |       |       |       |       |       |       |       |       |     2 ||     2
 Abil: Evoke Blink       |       |       |       |       |       |       |       |       |     1 ||     1
Evoke: Box of beasts     |       |       |       |       |       |       |     1 |       |       ||     1
       Wand              |       |       |       |       |       |       |       |     3 |     6 ||     9
  Use: Scroll            |       |    14 |     7 |     7 |     4 |     4 |    12 |    14 |    35 ||    97
       Potion            |       |       |       |       |     6 |     4 |     2 |    14 |    57 ||    83
 Stab: Distracted        |       |       |       |       |       |       |       |       |     1 ||     1
       Invisible         |       |       |       |       |       |       |       |       |     1 ||     1
Armor: Scale mail        |    17 |       |       |       |       |       |       |       |       ||    17
       Chain mail        |    17 |    63 |   129 |   203 |   595 |   782 |   503 |       |    62 ||  2354
       Gold dragon scale |       |       |       |       |       |       |   212 |   596 |   629 ||  1437
       Plate armour      |       |       |       |       |       |       |       |       |   628 ||   628
Dodge: Dodged            |    28 |    51 |    66 |   158 |   498 |   619 |   645 |   411 |  1464 ||  3940
Block: Buckler           |    22 |    31 |    49 |    67 |   216 |   223 |   227 |       |       ||   835
       Kite shield       |       |       |       |       |       |       |   139 |   130 |  2666 ||  2935
       Tower shield      |       |       |       |       |       |       |       |   790 |  2108 ||  2898

Table legend: (Time is in decaauts)
 A = Elapsed time spent in this place.
 B = Non-inter-level travel time spent in this place.
 C = Inter-level travel time spent in this place.
 D = Time resting spent in this place.
 E = Time spent auto-exploring this place.
 F = Levels seen in this place.
 G = Mean time per level.
                   A        B        C        D        E       F      G
               +--------+--------+--------+--------+--------+-----+--------+
         Total | 103639 |  91379 |  12260 |  31497 |  36632 |  87 | 1191.3 |
       Dungeon |  18137 |  14664 |   3473 |   2000 |   9461 |  15 | 1209.1 |
        Temple |    322 |    232 |     90 |      0 |    192 |   1 |  322.0 |
          Lair |   5621 |   4841 |    780 |    405 |   3542 |   5 | 1124.2 |
         Swamp |   6042 |   5957 |     85 |   2943 |   1634 |   4 | 1510.5 |
   Spider Nest |   4545 |   4331 |    214 |    992 |   2228 |   4 | 1136.2 |
    Slime Pits |   2477 |   2326 |    151 |    765 |    995 |   5 |  495.4 |
  Orcish Mines |   1885 |   1504 |    381 |     75 |    977 |   2 |  942.5 |
   Elven Halls |   5132 |   4840 |    292 |   2000 |   1668 |   3 | 1710.7 |
        Vaults |  11122 |   9459 |   1663 |   3363 |   3882 |   5 | 2224.4 |
         Crypt |   3796 |   3324 |    472 |    955 |   1803 |   3 | 1265.3 |
          Tomb |   8852 |   8405 |    447 |   5834 |    831 |   3 | 2950.7 |
        Depths |   7439 |   5565 |   1874 |   1114 |   2687 |   4 | 1859.8 |
          Hell |   3868 |   3734 |    134 |   2590 |    312 |   1 | 3868.0 |
           Dis |   2050 |   2045 |      5 |    953 |    321 |   3 |  683.3 |
       Gehenna |   5207 |   4592 |    615 |    933 |   1794 |   7 |  743.9 |
       Cocytus |    768 |    695 |     73 |    100 |    347 |   3 |  256.0 |
      Tartarus |   4090 |   3032 |   1058 |   1345 |    677 |   7 |  584.3 |
           Zot |  10430 |   9985 |    445 |   4789 |   2869 |   5 | 2086.0 |
         Abyss |   1065 |   1065 |      0 |    312 |    107 |   5 |  213.0 |
       Ossuary |    247 |    247 |      0 |      0 |    131 |   1 |  247.0 |
    Desolation |    533 |    533 |      0 |     24 |    170 |   1 |  533.0 |
               +--------+--------+--------+--------+--------+-----+--------+

Top non-repeatable levels by time:
  Tomb:1: 6630 daAuts
Vaults:4: 4709 daAuts
    Hell: 3868 daAuts
   Zot:5: 3814 daAuts
   Zot:4: 3147 daAuts
Depths:1: 3089 daAuts
    D:15: 2885 daAuts
 Swamp:3: 2755 daAuts
   Elf:3: 2663 daAuts
   Geh:7: 2601 daAuts
    D:13: 2434 daAuts
  Tomb:2: 2182 daAuts
 Crypt:3: 1795 daAuts
    D:12: 1788 daAuts
Depths:2: 1701 daAuts
